 Dungeon Crawl Stone Soup version 0.22.1-1-ga44c0e56f4 (webtiles) character file.

186 raggarok the Chopper (level 5, -1/48 HPs)
             Began as a Minotaur Berserker on Oct 29, 2018.
             Was a Believer of Trog.
             Succumbed to a killer bee's poison
             ... on level 3 of the Dungeon.
             The game lasted 00:09:26 (1357 turns).

raggarok the Chopper (Minotaur Berserker)           Turns: 1357, Time: 00:09:27

Health: -1/48      AC:  4    Str: 22    XL:     5   Next: 38%
Magic:  4/4        EV: 13    Int:  4    God:    Trog [**....]
Gold:   97         SH:  0    Dex: 10    Spells: 4/4 levels left

rFire    . . .     SeeInvis .   l - +4 quarterstaff (chaos)
rCold    + . .     Gourm    .   (shield currently unavailable)
rNeg     . . .     Faith    .   j - +2 animal skin
rPois    .         Spirit   .   (helmet restricted)
rElec    .         Reflect  .   (no cloak)
rCorr    .         Harm     .   (no gloves)
MR       ++...                  (no boots)
Stlth    +.........             f - amulet of the acrobat
HPRegen  1.16/turn              g - ring of protection from cold
MPRegen  0.09/turn              (no ring)

@: lethally poisoned (-1 -> -15), berserk cooldown, regenerating, slowed, very
slow
A: retaliatory headbutt, horns 2
a: Berserk, Trog's Hand, Renounce Religion


You were on level 3 of the Dungeon.
You worshipped Trog.
Trog was pleased with you.
You were very hungry.

You visited 1 branch of the dungeon, and saw 3 of its levels.

You collected 97 gold pieces.

Inventory:

Hand Weapons
 a - a +0 hand axe
 c - a +4 mace of draining
 l - a +4 quarterstaff of chaos (weapon)
Armour
 b - a +0 animal skin
 j - a +2 animal skin (worn)
 k - a +0 chain mail
 m - a +0 cloak
Jewellery
 f - an amulet of the acrobat (around neck)
 g - a ring of protection from cold (left hand)
Potions
 d - a potion of lignification
 e - a potion of curing {unknown}
 h - a potion of cancellation {unknown}
Comestibles
 i - a ration


   Skills:
 + Level 5.0 Fighting
 + Level 5.3 Axes
 + Level 0.3(3.3) Maces & Flails
 + Level 0.6(0.7) Staves
 + Level 3.1 Armour
 + Level 3.4 Dodging


You had 4 spell levels left.
You didn't know any spells.
Your spell library was empty.

Dungeon Overview and Level Annotations

Branches:
Dungeon (3/15)

Altars:
Cheibriados


Innate Abilities, Weirdness & Mutations

You reflexively headbutt those who attack you in melee.
You have a pair of horns on your head.


Message History

The killer bee is almost dead.
* * * LOW HITPOINT WARNING * * *
You feel very sick. The killer bee stings you.
* * * LOW HITPOINT WARNING * * *
You are more poisoned.
The killer bee poisons you! The killer bee closely misses you.
You are too berserk!
* * * LOW HITPOINT WARNING * * *
You feel sick.
You feel a strong urge to attack something.
You are no longer berserk.
You are exhausted.
You feel yourself slow down.
* * * LOW HITPOINT WARNING * * *
You feel very sick.
Your skin crawls.
You feel resistant to hostile enchantments.
You are feeling very hungry.
You die...

#..# #. #.. #. #y.
###.#######
#..........
#y########..
#.†y.....#..
####y....#.# #@..#.#.#
.#######...#.#.#
.............#.#
############.#.######.
.................
#######.#.#######
#.#.##########
#.#...........
#.############


You could see 2 killer bees.

Vanquished Creatures
  2 killer bees (D:3)
  Crazy Yiuf (D:2)
  Robin (D:2)
  2 adders
  3 dart slugs
  2 giant cockroaches (D:1)
  12 goblins
  6 hobgoblins
  3 bats
  2 frilled lizards
  4 kobolds (D:1)
  A rat (D:2)
  3 bushes (D:1)
  3 plants (D:1)
45 creatures vanquished.

Notes
Turn   | Place    | Note
-------+----------+-------------------------------------------
     0 | D:1      | raggarok the Minotaur Berserker began the quest for the
                  | Orb.
     0 | D:1      | Reached XP level 1. HP: 19/19 MP: 0/0
   131 | D:1      | Reached XP level 2. HP: 18/27 MP: 1/1
   811 | D:2      | Noticed Robin
   827 | D:2      | Killed Robin
   827 | D:2      | Reached XP level 3. HP: 33/33 MP: 2/2
   842 | D:2      | Reached ** piety under Trog
   866 | D:2      | Found a faded altar of an unknown god.
  1093 | D:2      | Found a runed door.
  1097 | D:2      | Noticed Crazy Yiuf
  1101 | D:2      | Killed Crazy Yiuf
  1101 | D:2      | Reached XP level 4. HP: 34/41 MP: 3/3
  1228 | D:2      | Found a snail-covered altar of Cheibriados.
  1342 | D:3      | Reached skill level 5 in Axes
  1342 | D:3      | Reached XP level 5. HP: 39/47 MP: 4/4
  1351 | D:3      | Reached skill level 5 in Fighting
  1356 | D:3      | HP: 1/48 [poisoned by a killer bee]
  1357 | D:3      | Succumbed to a killer bee's poison

Skill      XL: |  1  2  3  4  5 |
---------------+----------------+-----
Axes           | 4 5 |  5.3
Fighting       | 4 5 |  5.0
Dodging        | 3 |  3.4
Armour         | 3 |  3.1
Maces & Flails | |  0.3
Staves         | |  0.6

Action                   |  1- 3 |  4- 6 || total
-------------------------+-------+-------++-------
Melee: Hand axe          |   282 |       ||   282
       Headbutt          |    99 |       ||    99
       Mace              |     3 |       ||     3
       Quarterstaff      |       |    17 ||    17
Invok: Berserk           |     1 |     1 ||     2
       Trog's Hand       |       |     1 ||     1
  Use: Scroll            |     2 |       ||     2
  Eat: Ration            |     1 |       ||     1
Armor: Animal skin       |    16 |     4 ||    20
Dodge: Dodged            |    52 |    14 ||    66
